 Dungeon Crawl Stone Soup version 0.29.0-4-gdea44cf6ec (webtiles) character file.

Game seed: 10446368736400216651

15600 qw the Cleaver (level 12, 0/76 HPs)
             Began as a Gargoyle Berserker on Sept 7, 2022.
             Was an Elder of Trog.
             Slain by a 13-headed hydra (5 damage)
             ... on level 4 of the Lair of Beasts.
             The game lasted 00:05:23 (15393 turns).

qw the Cleaver (Gargoyle Berserker)                Turns: 15393, Time: 00:05:24

Health: 0/76       AC: 33    Str: 26    XL:     12   Next: 28%
Magic:  12/12      EV: 11    Int:  8    God:    Trog [****..]
Gold:   651        SH: 12    Dex: 15    Spells: 11/11 levels left

rFire   . . .      SeeInvis .   r - +0 morningstar
rCold   . . .      Faith    .   v - +0 kite shield
rNeg    + + .      Spirit   .   s - +0 plate armour
rPois   inf        Reflect  .   l - +2 hat of Surprise {Rampage rN+ Slay+3}
rElec   +          Harm     .   p - +1 cloak
rCorr   .          Rampage  +   f - +2 pair of gloves
Will    .....                   d - +1 pair of boots
Stlth   ..........              h - amulet of the acrobat
HPRegen 0.22/turn               c - +4 ring of evasion
MPRegen 0.13/turn               w - +6 ring of dexterity

@: no status effects
A: sickness immunity, AC +8, negative energy resistance 1, electricity
resistance, torment resistance 1, petrification resistance, MP-powered wands
a: Renounce Religion, Berserk, Trog's Hand, Brothers in Arms


You were on level 4 of the Lair of Beasts.
You worshipped Trog.
Trog was greatly pleased with you.
You visited 2 branches of the dungeon, and saw 13 of its levels.

You collected 794 gold pieces.
You spent 143 gold pieces at shops.


Innate Abilities, Weirdness & Mutations

You are immune to sickness and miasma.
Your stone body is resilient. (AC +8)
You are immune to poison.
You resist negative energy. (rN+)
You are resistant to electric shocks. (rElec)
You are resistant to unholy torment.
You are immune to petrification.
You expend magic power (3 MP) to strengthen your wands.


   Skills:
 - Level 9.0 Fighting
 - Level 12.0 Axes
 - Level 2.1 Throwing
 - Level 9.0 Armour
 - Level 3.1 Dodging
 + Level 10.5 Shields


You had 11 spell levels left.
You didn't know any spells.
Your spell library was empty.

Inventory:

Hand Weapons
 b - a +0 vampiric hand axe
 r - a +0 morningstar (weapon)
Missiles
 k - 3 boomerangs (quivered)
Armour
 d - a +1 pair of boots (worn)
 f - a +2 pair of gloves (worn)
 l - the +2 hat of Surprise (worn) {Rampage rN+ Slay+3}
   (You found it on level 5 of the Dungeon)

   Slay:      It affects your accuracy & damage with ranged weapons and melee
   (+3).
   rN:        It protects you from negative energy.
   Rampage:   It bestows one free step when moving towards enemies.
 p - a +1 cloak (worn)
 s - a +0 plate armour (worn)
 v - a +0 kite shield (worn)
Jewellery
 a - the ring of Yvvizuw {rElec rN+ Will- Dex+6}
   (You acquired it on level 1 of the Dungeon)

   [ring of dexterity]

   Dex:       It affects your dexterity (+6).
   rElec:     It insulates you from electricity.
   rN:        It protects you from negative energy.
   Will:      It decreases your willpower.
 c - a +4 ring of evasion (left hand)
 e - a ring of ice
 h - an amulet of the acrobat (around neck)
 w - a +6 ring of dexterity (right hand)
 x - an amulet of guardian spirit
Scrolls
 q - 7 scrolls of identify
Potions
 g - 4 potions of haste
 i - 3 potions of mutation
 j - 2 potions of might
 n - 2 potions of curing
 o - 2 potions of resistance

Dungeon Overview and Level Annotations

Branches:
Dungeon (9/15)             Temple (0/1) D:5            Lair (4/5) D:9
 Shoals (0/4) Lair:3       Spider (0/4) Lair:2
  Slime: Lair:4-5       Orc: D:9-12

Altars:
Kikubaaqudgha
Okawaru
Wu Jian
Yredelemnul
Zin
The Shining One

Shops:
D:4 !

Annotations:
D:4 1 runed translucent door, Crazy Yiuf
D:5 2 runed translucent doors, qw's ghost, novice FoCA


Message History

You block the 13-headed hydra's attack.
The 13-headed hydra bites you but does no damage.
The 13-headed hydra bites you!
The 13-headed hydra bites you but does no damage. x2
You block the 13-headed hydra's attack.
The 13-headed hydra bites you but does no damage.
The killer bee misses you.
The killer bee stings you but does no damage.
The wyvern completely misses you.
15392 ||| INVOKING Brothers in Arms.
You fail to use your ability.
The killer bee closely misses you. You block the killer bee's attack.
The rime drake bites you but does no damage.
The 13-headed hydra misses you.
The 13-headed hydra bites you but does no damage. x2
You block the 13-headed hydra's attack.
The 13-headed hydra bites you but does no damage. x2
The 13-headed hydra barely misses you.
The 13-headed hydra bites you but does no damage.
The 13-headed hydra barely misses you. The 13-headed hydra bites you.
The 13-headed hydra barely misses you.
The 13-headed hydra completely misses you.
The 13-headed hydra bites you but does no damage.
The wyvern bites you but does no damage.
The killer bee barely misses you.
The killer bee stings you but does no damage.
The rime drake closely misses you.
15393 ||| INVOKING Brothers in Arms.
You fail to use your ability.
The killer bee completely misses you.
The meliai mumbles some strange prayers to its god against you.
Something smites you!
The killer bee stings you but does no damage.
The wyvern bites you but does no damage.
The 13-headed hydra bites you but does no damage. x2
You block the 13-headed hydra's attack.
The 13-headed hydra bites you but does no damage.
The 13-headed hydra closely misses you. x2; The 13-headed hydra bites you.
The 13-headed hydra barely misses you. You block the 13-headed hydra's attack.
The 13-headed hydra bites you but does no damage. x2
The 13-headed hydra bites you. x2
You die...

# .. # #.#
. .##.#.#.
. $.#....
#.##.#..##
.......y.
......YD#
.....yk@#
.....yl#y#
#..y..r ##
##.#y..
#.....
#r##.. ...
#.. #. ##.


You could see a 13-headed hydra, an elephant, a rime drake, a wyvern, a meliai,
5 killer bees and 2 river rats.

Vanquished Creatures
  A hydra (Lair:1)
  A black mamba (Lair:2)
  Joseph (D:7)
  2 cane toads (Lair:1)
  2 rime drakes
  4 komodo dragons
  A polar bear (Lair:2)
  6 blink frogs
  A hornet (D:7)
  A culicivora (Lair:2)
  18 yaks
  3 wyverns
  2 steam dragons
  An acid dragon (D:9)
  8 water moccasins
  3 orc warriors
  2 black bears
  2 ice beasts
  2 ogres
  2 centaurs (D:8)
  10 wolves
  2 phantoms
  10 bullfrogs
  A kobold brigand (D:8)
  2 scorpions
  2 necrophages
  9 wights
  20 killer bees
  A howler monkey (D:5)
  A jelly (D:7)
  8 orc priests
  2 hounds
  2 gnoll boudas (D:6)
  4 iguanas
  A human skeleton (D:7)
  10 orc wizards
  14 gnolls
  7 adders
  A shadow imp (D:7)
  A white imp (D:5)
  2 worms
  5 dart slugs
  49 orcs
  5 ball pythons
  7 bats
  8 endoplasms
  3 giant cockroaches
  12 goblins
  11 hobgoblins
  7 quokkas
  5 frilled lizards
  11 kobolds
  4 orc skeletons (D:7)
  An orc zombie (D:7)
  10 rats
311 creatures vanquished.

Vanquished Creatures (collateral kills)
  An elephant (Lair:4)
  A komodo dragon (Lair:2)
  A meliai (Lair:4)
  A blink frog (Lair:4)
  A killer bee (Lair:4)
5 creatures vanquished.

Vanquished Creatures (others)
  A bullfrog (Lair:4)
  2 killer bees
  54 fungi
  44 plants
101 creatures vanquished.

Grand Total: 417 creatures vanquished

Notes
Turn   | Place    | Note
-------+----------+-------------------------------------------
     0 | D:1      | qw the Gargoyle Berserker began the quest for the Orb.
     0 | D:1      | Reached XP level 1. HP: 14/14 MP: 1/1
     0 | D:1      | 0 ||| qw: Version: 0.1-a-108-g9e35731
     0 | D:1      | 0 ||| qw: Game counter: 6427
     0 | D:1      | 0 ||| qw: Always use a shield: true
     0 | D:1      | 0 ||| qw: Do Orc after D:15 true
     0 | D:1      | 0 ||| qw: Do second Lair branch before Depths: true
     0 | D:1      | 0 ||| qw: Lair rune preference: random
     0 | D:1      | 0 ||| qw: Plans: Normal
     0 | D:1      | 0 ||| PLANNING D:1-11
   152 | D:1      | Reached skill level 3 in Axes
   217 | D:1      | 217 ||| INVOKING Berserk.
   450 | D:1      | Reached XP level 2. HP: 15/19 MP: 2/2
   686 | D:1      | 686 ||| INVOKING Berserk.
  1223 | D:1      | 1223 ||| Stepping ~*~*~tactically~*~*~ (hiding).
  1232 | D:1      | Reached XP level 3. HP: 19/23 MP: 3/3
  1519 | D:1      | 1519 ||| UPGRADING to +0 leather armour.
  1529 | D:1      | 1529 ||| DROPPING +0 animal skin.
  1530 | D:1      | 1530 ||| UPGRADING to +4 ring of evasion.
  1531 | D:1      | 1531 ||| READING 2 scrolls labelled NUODIO QOSAYB.
  1532 | D:1      | 1532 ||| READING scroll labelled OREOMU EKOD.
  1532 | D:1      | Identified a scroll of acquirement
  1532 | D:1      | 1532 ||| ACQUIRING ring of Yvvizuw {rElec rN+ Will- Dex+6}
  1532 | D:1      | Acquired the ring of Yvvizuw {rElec rN+ Will- Dex+6}
  1534 | D:1      | 1534 ||| UPGRADING to ring of Yvvizuw {rElec rN+ Will-
                  | Dex+6}.
  1535 | D:1      | 1535 ||| READING scroll labelled ORUVIT KEULUO.
  1536 | D:1      | 1536 ||| READING scroll labelled IFFUSUPROO.
  1537 | D:1      | 1537 ||| DROPPING scroll of butterflies.
  1628 | D:2      | 1628 ||| Stepping ~*~*~tactically~*~*~ (stealth).
  1633 | D:2      | 1633 ||| Stepping ~*~*~tactically~*~*~ (stealth).
  1635 | D:2      | 1635 ||| Stepping ~*~*~tactically~*~*~ (stealth).
  1674 | D:2      | Reached ** piety under Trog
  1675 | D:2      | Reached skill level 4 in Axes
  1783 | D:2      | 1783 ||| Stepping ~*~*~tactically~*~*~ (hiding).
  1970 | D:2      | 1970 ||| Stepping ~*~*~tactically~*~*~ (hiding).
  1971 | D:2      | 1971 ||| Stepping ~*~*~tactically~*~*~ (hiding).
  2079 | D:2      | 2079 ||| Stepping ~*~*~tactically~*~*~ (stealth).
  2081 | D:2      | 2081 ||| Stepping ~*~*~tactically~*~*~ (stealth).
  2095 | D:2      | Found a glowing silver altar of Zin.
  2153 | D:2      | Reached skill level 1 in Throwing
  2410 | D:2      | 2410 ||| INVOKING Berserk.
  2413 | D:2      | Reached XP level 4. HP: 28/28 MP: 4/4
  2790 | D:2      | 2790 ||| UPGRADING to +0 pair of boots.
  2795 | D:2      | 2795 ||| READING scroll labelled MUBASU KERE.
  2796 | D:2      | 2796 ||| READING scroll labelled QIEHYI ASHOSYOF.
  2797 | D:2      | 2797 ||| READING scroll labelled SIARAFR BIOLIL.
  2800 | D:2      | 2800 ||| DRINKING 2 inky potions.
  2801 | D:2      | 2801 ||| DRINKING 2 fizzy brown potions.
  2801 | D:2      | Gained mutation: You expend magic power (3 MP) to
                  | strengthen your wands. [potion of mutation]
  2801 | D:2      | Gained mutation: You have hidden genetic potential. [potion
                  | of mutation]
  2801 | D:2      | Lost mutation: You have hidden genetic potential. [potion
                  | of mutation]
  2866 | D:3      | 2866 ||| Stepping ~*~*~tactically~*~*~ (hiding).
  2968 | D:3      | 2968 ||| Stepping ~*~*~tactically~*~*~ (hiding).
  3070 | D:3      | 3070 ||| Stepping ~*~*~tactically~*~*~ (hiding).
  3075 | D:3      | 3075 ||| INVOKING Berserk.
  3211 | D:3      | 3211 ||| INVOKING Berserk.
  3336 | D:3      | 3336 ||| DROPPING +0 club.
  3397 | D:3      | 3397 ||| Stepping ~*~*~tactically~*~*~ (stealth).
  3399 | D:3      | 3399 ||| Stepping ~*~*~tactically~*~*~ (hiding).
  3406 | D:3      | 3406 ||| INVOKING Berserk.
  3410 | D:3      | Reached skill level 5 in Axes
  3410 | D:3      | Reached XP level 5. HP: 32/32 MP: 5/5
  3480 | D:3      | 3480 ||| DROPPING +0 whip.
  3552 | D:3      | 3552 ||| Stepping ~*~*~tactically~*~*~ (hiding).
  3654 | D:3      | 3654 ||| Stepping ~*~*~tactically~*~*~ (hiding).
  3661 | D:3      | 3661 ||| Stepping ~*~*~tactically~*~*~ (hiding).
  3667 | D:3      | 3667 ||| INVOKING Berserk.
  3858 | D:3      | Noticed a phantom
  3873 | D:3      | Killed a phantom
  3874 | D:3      | Reached XP level 6. HP: 34/40 MP: 6/6
  3979 | D:3      | Found a faded altar of an unknown god.
  4034 | D:3      | 4034 ||| Stepping ~*~*~tactically~*~*~ (stealth).
  4036 | D:3      | 4036 ||| INVOKING Berserk.
  4184 | D:3      | 4184 ||| Stepping ~*~*~tactically~*~*~ (stealth).
  4195 | D:3      | 4195 ||| FLEEEEING.
  4196 | D:3      | 4196 ||| FLEEEEING.
  4197 | D:3      | 4197 ||| FLEEEEING.
  4198 | D:3      | 4198 ||| FLEEEEING.
  4199 | D:3      | 4199 ||| FLEEEEING.
  4232 | D:3      | 4232 ||| FLEEEEING.
  4233 | D:3      | 4233 ||| FLEEEEING.
  4237 | D:3      | 4237 ||| FLEEEEING.
  4238 | D:3      | 4238 ||| FLEEEEING.
  4239 | D:3      | 4239 ||| FLEEEEING.
  4240 | D:3      | 4240 ||| FLEEEEING.
  4346 | D:3      | 4346 ||| DROPPING +0 flail.
  4386 | D:3      | 4386 ||| Stepping ~*~*~tactically~*~*~ (stealth).
  4422 | D:3      | Found a basalt altar of Yredelemnul.
  4427 | D:3      | 4427 ||| INVOKING Berserk.
  4556 | D:3      | 4556 ||| READING scroll of enchant armour.
  4556 | D:3      | 4556 ||| ENCHANTING +0 pair of boots.
  4568 | D:3      | Reached *** piety under Trog
  4942 | D:3      | 4942 ||| UPGRADING to +2 robe of cold resistance.
  4952 | D:3      | 4952 ||| DROPPING +0 leather armour.
  4953 | D:3      | 4953 ||| UPGRADING to +0 ring mail.
  4963 | D:3      | 4963 ||| DROPPING +2 robe of cold resistance.
  4964 | D:3      | 4964 ||| UPGRADING to +0 plate armour.
  4974 | D:3      | 4974 ||| DROPPING +0 ring mail.
  4975 | D:3      | 4975 ||| UPGRADING to ring of resist corrosion.
  4977 | D:3      | 4977 ||| READING scroll labelled EMIBBOQASESI.
  4978 | D:3      | 4978 ||| READING scroll labelled KOSION POUM.
  4979 | D:3      | 4979 ||| READING scroll labelled OTIUPR LU OTYA.
  5035 | D:3      | 5035 ||| READING 2 scrolls of identify.
  5035 | D:3      | 5035 ||| IDENTIFYING silvery potion
  5036 | D:3      | 5036 ||| DROPPING potion of brilliance.
  5113 | D:4      | Found Gutoa's Distillery.
  5122 | D:4      | 5122 ||| BUYING potion of curing (39 gold).
  5122 | D:4      | Bought a potion of curing for 39 gold pieces
  5122 | D:4      | 5122 ||| BUYING potion of mutation (104 gold).
  5122 | D:4      | Bought a potion of mutation for 104 gold pieces
  5280 | D:4      | 5280 ||| Stepping ~*~*~tactically~*~*~ (stealth).
  5281 | D:4      | 5281 ||| Stepping ~*~*~tactically~*~*~ (stealth).
  5282 | D:4      | 5282 ||| Stepping ~*~*~tactically~*~*~ (stealth).
  5284 | D:4      | 5284 ||| Stepping ~*~*~tactically~*~*~ (stealth).
  5299 | D:4      | 5299 ||| INVOKING Berserk.
  5302 | D:4      | Reached skill level 3 in Armour
  5302 | D:4      | Reached XP level 7. HP: 32/44 MP: 7/7
  5897 | D:4      | Found a runed translucent door.
  5898 | D:4      | Noticed Crazy Yiuf
  6113 | D:4      | 6113 ||| UPGRADING to +0 helmet.
  6118 | D:4      | 6118 ||| UPGRADING to amulet of the acrobat.
  6123 | D:4      | 6123 ||| DROPPING ring of positive energy.
  6124 | D:4      | 6124 ||| DROPPING ring of flight.
  6125 | D:4      | 6125 ||| READING scroll labelled QYRASO DOEGEI.
  6126 | D:4      | 6126 ||| READING 5 scrolls of identify.
  6126 | D:4      | 6126 ||| IDENTIFYING yellow potion
  6127 | D:4      | 6127 ||| READING 4 scrolls of identify.
  6127 | D:4      | 6127 ||| IDENTIFYING cyan potion
  6128 | D:4      | 6128 ||| READING 3 scrolls of identify.
  6128 | D:4      | 6128 ||| IDENTIFYING golden potion
  6129 | D:4      | 6129 ||| DROPPING potion of degeneration.
  6179 | D:5      | Entered Level 5 of the Dungeon
  6183 | D:5      | 6183 ||| Stepping ~*~*~tactically~*~*~ (hiding).
  6196 | D:5      | Reached skill level 6 in Axes
  6215 | D:5      | 6215 ||| STAIRDANCE
  6425 | D:5      | Found a glowing silver altar of Zin.
  6425 | D:5      | Found an ornate altar of the Wu Jian Council.
  6441 | D:5      | 6441 ||| Stepping ~*~*~tactically~*~*~ (stealth).
  6480 | D:5      | 6480 ||| Stepping ~*~*~tactically~*~*~ (hiding).
  6549 | D:5      | 6549 ||| Stepping ~*~*~tactically~*~*~ (stealth).
  6576 | D:5      | Reached skill level 7 in Axes
  6688 | D:5      | Found a staircase to the Ecumenical Temple.
  6705 | D:5      | 6705 ||| Stepping ~*~*~tactically~*~*~ (stealth).
  6720 | D:5      | Reached XP level 8. HP: 39/49 MP: 8/8
  6780 | D:5      | Found a large runed translucent door.
  6780 | D:5      | Found a large runed translucent door.
  6783 | D:5      | Noticed qw's ghost (novice FoCA)
  6801 | D:5      | 6801 ||| Stepping ~*~*~tactically~*~*~ (stealth).
  6832 | D:5      | 6832 ||| INVOKING Berserk.
  6984 | D:5      | 6984 ||| Stepping ~*~*~tactically~*~*~ (stealth).
  7131 | D:5      | Identified the +2 hat of Surprise {Rampage rN+ Slay+3}
  7450 | D:5      | 7450 ||| UPGRADING to +2 hat of Surprise {Rampage rN+
                  | Slay+3}.
  7460 | D:5      | 7460 ||| DROPPING +0 helmet.
  7461 | D:5      | 7461 ||| READING 2 scrolls labelled JEJIZXEGEN.
  7462 | D:5      | 7462 ||| READING scroll labelled DEYWED FOCH.
  7463 | D:5      | 7463 ||| READING 2 scrolls of identify.
  7463 | D:5      | 7463 ||| IDENTIFYING sedimented black potion
  7464 | D:5      | 7464 ||| DROPPING potion of attraction.
  7465 | D:5      | 7465 ||| DROPPING scroll of immolation.
  7477 | D:6      | 7477 ||| STAIRDANCE
  7501 | D:6      | 7501 ||| STAIRDANCE
  7601 | D:6      | Reached skill level 8 in Axes
  7671 | D:6      | 7671 ||| Stepping ~*~*~tactically~*~*~ (hiding).
  7673 | D:6      | 7673 ||| Stepping ~*~*~tactically~*~*~ (hiding).
  7676 | D:6      | 7676 ||| INVOKING Berserk.
  7696 | D:6      | 7696 ||| Stepping ~*~*~tactically~*~*~ (hiding).
  7844 | D:6      | 7844 ||| Stepping ~*~*~tactically~*~*~ (hiding).
  7847 | D:6      | 7847 ||| INVOKING Berserk.
  7860 | D:6      | 7860 ||| DRINKING 3 potions of curing.
  7860 | D:6      | 7860 ||| (to cure confusion)
  7862 | D:6      | 7862 ||| DRINKING 2 potions of curing.
  7862 | D:6      | 7862 ||| (to cure confusion)
  7865 | D:6      | 7865 ||| DRINKING potion of curing.
  7865 | D:6      | 7865 ||| (to cure confusion)
  7866 | D:6      | Reached **** piety under Trog
  7867 | D:6      | Reached skill level 6 in Fighting
  8064 | D:6      | 8064 ||| INVOKING Berserk.
  8198 | D:6      | 8198 ||| READING scroll of brand weapon.
  8198 | D:6      | 8198 ||| BRANDING +0 hand axe of protection.
  8682 | D:6      | 8682 ||| UPGRADING to +0 pair of gloves.
  8687 | D:6      | 8687 ||| UPGRADING to +1 cloak.
  8692 | D:6      | 8692 ||| READING scroll labelled LUOHUQ POMM.
  8693 | D:6      | 8693 ||| READING 2 scrolls of identify.
  8693 | D:6      | 8693 ||| IDENTIFYING fizzy black potion
  8694 | D:6      | 8694 ||| DROPPING potion of flight.
  8733 | D:7      | 8733 ||| PLANNING OSSUARY
  8800 | D:7      | Found an iron altar of Okawaru.
  8806 | D:7      | Found a glowing golden altar of the Shining One.
  8977 | D:7      | 8977 ||| INVOKING Berserk.
  9115 | D:7      | Identified the +8 short sword "Dragonslayer" {freeze, rC++
                  | Will+ Str-5 Dex-5}
  9207 | D:7      | Reached skill level 6 in Armour
  9207 | D:7      | Reached XP level 9. HP: 55/55 MP: 9/9
  9235 | D:7      | 9235 ||| Stepping ~*~*~tactically~*~*~ (hiding).
  9379 | D:7      | Noticed Joseph
  9395 | D:7      | Killed Joseph
  9396 | D:7      | Reached skill level 9 in Axes
  9411 | D:7      | 9411 ||| RIP OSSUARY
  9507 | D:7      | 9507 ||| PLANNING D:1-11
  9537 | D:7      | Noticed a hornet
  9553 | D:7      | Killed a hornet
  9661 | D:7      | 9661 ||| INVOKING Berserk.
  9783 | D:7      | 9783 ||| INVOKING Berserk.
 10060 | D:7      | 10060 ||| READING 4 scrolls of identify.
 10060 | D:7      | 10060 ||| IDENTIFYING fuming emerald potion
 10137 | D:8      | 10137 ||| Stepping randomly (cloudy).
 10138 | D:8      | 10138 ||| INVOKING Berserk.
 10383 | D:8      | 10383 ||| INVOKING Berserk.
 10395 | D:8      | Reached skill level 10 in Axes
 10409 | D:8      | Found a flagged portal.
 10596 | D:8      | Reached XP level 10. HP: 62/63 MP: 10/10
 10711 | D:8      | 10711 ||| Stepping ~*~*~tactically~*~*~ (stealth).
 10714 | D:8      | 10714 ||| Stepping ~*~*~tactically~*~*~ (hiding).
 10716 | D:8      | 10716 ||| Stepping ~*~*~tactically~*~*~ (hiding).
 10717 | D:8      | 10717 ||| Stepping ~*~*~tactically~*~*~ (hiding).
 10881 | D:8      | 10881 ||| READING scroll labelled VIZAXUIDYMN.
 10982 | D:8      | 10982 ||| READING 3 scrolls of identify.
 10982 | D:8      | 10982 ||| IDENTIFYING red potion
 10983 | D:8      | 10983 ||| DROPPING potion of magic.
 10996 | D:9      | 10996 ||| INVOKING Berserk.
 11035 | D:9      | Reached skill level 11 in Axes
 11070 | D:9      | 11070 ||| INVOKING Berserk.
 11072 | D:9      | Reached skill level 9 in Fighting
 11079 | D:9      | Reached ***** piety under Trog
 11083 | D:9      | Found a staircase to the Lair.
 11093 | D:9      | 11093 ||| FLEEEEING.
 11118 | D:9      | 11118 ||| FLEEEEING.
 11119 | D:9      | 11119 ||| FLEEEEING.
 11120 | D:9      | 11120 ||| FLEEEEING.
 11121 | D:9      | 11121 ||| FLEEEEING.
 11125 | D:9      | 11125 ||| STAIRDANCE
 11178 | D:9      | 11178 ||| INVOKING Berserk.
 11460 | D:9      | 11460 ||| Stepping ~*~*~tactically~*~*~ (stealth).
 11462 | D:9      | 11462 ||| Stepping ~*~*~tactically~*~*~ (hiding).
 11481 | D:9      | 11481 ||| INVOKING Berserk.
 11488 | D:9      | Reached XP level 11. HP: 68/71 MP: 11/11
 11498 | D:9      | Reached skill level 12 in Axes
 11720 | D:9      | Found an ancient bone altar of Kikubaaqudgha.
 11866 | D:9      | 11866 ||| PLANNING LAIR
 11866 | D:9      | 11866 ||| UPGRADING to +0 kite shield.
 11898 | Lair:1   | Entered Level 1 of the Lair of Beasts
 11908 | Lair:1   | Reached skill level 1 in Shields
 12007 | Lair:1   | Noticed a seven-headed hydra
 12008 | Lair:1   | 12008 ||| INVOKING Brothers in Arms.
 12009 | Lair:1   | 12009 ||| SWAPPING to +0 morningstar.
 12010 | Lair:1   | 12010 ||| INVOKING Berserk.
 12012 | Lair:1   | Killed a seven-headed hydra
 12013 | Lair:1   | Reached skill level 3 in Shields
 12017 | Lair:1   | 12017 ||| SWAPPING to +0 vampiric hand axe.
 12183 | Lair:1   | 12183 ||| INVOKING Berserk.
 12304 | Lair:1   | 12304 ||| READING scroll of enchant armour.
 12304 | Lair:1   | 12304 ||| ENCHANTING +0 pair of gloves.
 12310 | Lair:1   | Found a frozen archway.
 12341 | Lair:1   | 12341 ||| INVOKING Berserk.
 12553 | Lair:1   | Identified the +3 flail of Bloodstone {chaos, Fragile rN+
                  | Dex+4 SInv}
 12555 | Lair:1   | 12555 ||| DROPPING +3 flail of Bloodstone {chaos, Fragile
                  | rN+ Dex+4 SInv}.
 12578 | Lair:1   | 12578 ||| INVOKING Berserk.
 12584 | Lair:1   | Reached skill level 6 in Shields
 12997 | Lair:1   | 12997 ||| UPGRADING to +6 ring of dexterity.
 12999 | Lair:1   | 12999 ||| DROPPING ring of resist corrosion.
 13000 | Lair:1   | 13000 ||| DRINKING 2 murky black potions.
 13105 | Lair:1   | 13105 ||| DROPPING potion of berserk rage.
 13134 | Lair:2   | 13134 ||| INVOKING Berserk.
 13227 | Lair:2   | 13227 ||| INVOKING Berserk.
 13362 | Lair:2   | 13362 ||| INVOKING Berserk.
 13391 | Lair:2   | 13391 ||| INVOKING Brothers in Arms.
 13470 | Lair:2   | 13470 ||| READING scroll of enchant armour.
 13470 | Lair:2   | 13470 ||| ENCHANTING +1 pair of gloves.
 13590 | Lair:2   | 13590 ||| Stepping ~*~*~tactically~*~*~ (stealth).
 13591 | Lair:2   | 13591 ||| Stepping ~*~*~tactically~*~*~ (stealth).
 13592 | Lair:2   | 13592 ||| INVOKING Berserk.
 13759 | Lair:2   | 13759 ||| INVOKING Berserk.
 13764 | Lair:2   | Reached skill level 9 in Shields
 14014 | Lair:2   | Found a hole to the Spider Nest.
 14049 | Lair:2   | You fall into a shaft and drop 1 floor!
 14163 | Lair:3   | 14163 ||| READING scroll labelled LIFUOX KUWOPH.
 14508 | Lair:3   | 14508 ||| Stepping ~*~*~tactically~*~*~ (stealth).
 14516 | Lair:3   | Reached XP level 12. HP: 74/76 MP: 12/12
 14613 | Lair:3   | Found a staircase to the Shoals.
 14865 | Lair:3   | Identified the +0 leather armour of the Gate {rC+ Str+4}
 15328 | Lair:4   | 15328 ||| Stepping ~*~*~tactically~*~*~ (stealth).
 15329 | Lair:4   | 15329 ||| INVOKING Berserk.
 15341 | Lair:4   | Noticed a six-headed hydra
 15346 | Lair:4   | Reached skill level 3 in Dodging
 15358 | Lair:4   | 15358 ||| INVOKING Brothers in Arms.
 15359 | Lair:4   | 15359 ||| SWAPPING to +0 morningstar.
 15361 | Lair:4   | HP: 18/76 [13-headed hydra (4)]
 15362 | Lair:4   | Reached skill level 9 in Armour
 15362 | Lair:4   | 15362 ||| READING scroll of teleportation.
 15362 | Lair:4   | HP: 2/76 [13-headed hydra (9)]
 15363 | Lair:4   | 15363 ||| DRINKING 3 potions of heal wounds.
 15364 | Lair:4   | 15364 ||| SWAPPING to +0 vampiric hand axe.
 15385 | Lair:4   | 15385 ||| INVOKING Brothers in Arms.
 15386 | Lair:4   | HP: 14/76 [wyvern (10)]
 15387 | Lair:4   | 15387 ||| DRINKING 2 potions of heal wounds.
 15389 | Lair:4   | 15389 ||| SWAPPING to +0 morningstar.
 15390 | Lair:4   | 15390 ||| DRINKING potion of heal wounds.
 15392 | Lair:4   | 15392 ||| INVOKING Brothers in Arms.
 15393 | Lair:4   | 15393 ||| INVOKING Brothers in Arms.
 15393 | Lair:4   | HP: 14/76 [meliai/divine providence (11)]
 15393 | Lair:4   | HP: 5/76 [13-headed hydra (6)]
 15393 | Lair:4   | Slain by a 13-headed hydra

Levels and vault maps discovered:
D:1:      minmay_arrival_solitary_statue, layout_loops_ring, serial_forest,
          infiniplex_forest_clump_long, infiniplex_forest_clump_diagonal,
          infiniplex_forest_zigzag_1, infiniplex_forest_straight_2,
          infiniplex_forest_clump_C, infiniplex_forest_lined_3_way,
          infiniplex_forest_lined_1
D:2:      layout_loops_corners, basic_altar
D:3:      minmay_thinvault, layout_basic, yredelemnul_altar_generic,
          nicolae_ecumenical_lake_church, kennysheep_boxes
D:4:      wad_pebble_path, layout_basic, serial_shops, nicolae_square_shop,
          serial_forest, infiniplex_forest_zigzag_2,
          infiniplex_forest_clump_medium, infiniplex_forest_straight_5,
          infiniplex_forest_lined_2, uniq_crazy_yiuf_cottage
D:5:      layout_rooms, chequers_temple_overflow_statue_of_worship,
          minmay_temple_entry_steel_oval, ebering_ghost_disaster_area,
          lemuel_flame_loot_1
D:6:      layout_loops_ring
D:7:      layout_loops_ring, okawaru_ov_weapons_minmay, general_overflow_altar,
          nicolae_ossuary_entry_catacombs, uniq_joseph
D:8:      layout_rooms, enter_bailey_5
D:9:      layout_cave_pools, nicolae_kikubaaqudgha_miasma_corner,
          due_lair_maze_entry_diamond, due_unseen_surprise
Lair:1:   layout_regular_city, portal_ice_cave_entry_pillars_1,
          grunt_megastairs_2, lemuel_fruit_tree, infiniplex_staircase_pool_2
Lair:2:   layout_regular_city, spider_nest_entry_rubble, serial_bayou_shore_b,
          grunt_megastairs_1
Lair:3:   layout_cave_pods, shoals_dummy_entry, hangedman_lair_unloving_vines,
          serial_bayou_shore_a
Lair:4:   regret_index_bee_streams, layout_long_grid, slime_entry_2

Skill      XL: |  1  2  3  4  5  6  7  8  9 10 11 12 |
---------------+-------------------------------------+-----
Axes           | 3 4 5 7 8 10 11 12 | 12.0
Throwing       | 1 2 |  2.1
Fighting       | 4 5 6 7 9 |  9.0
Armour         | 3 4 6 7 8 9 |  9.0
Shields        | 9 10 | 10.5
Dodging        | 2 3 |  3.1

Action                   |  1- 3 |  4- 6 |  7- 9 | 10-12 || total
-------------------------+-------+-------+-------+-------++-------
Melee: Hand axe          |   120 |   162 |   453 |   402 ||  1137
       Punch             |       |     1 |     3 |     3 ||     7
       Morningstar       |       |       |       |     4 ||     4
Throw: Javelin           |     9 |     4 |       |       ||    13
       Boomerang         |       |    47 |    31 |    56 ||   134
Invok: Berserk           |     3 |     7 |     9 |    14 ||    33
       Brothers in Arms  |       |       |       |     4 ||     4
  Use: Scroll            |     4 |     8 |    11 |     6 ||    29
       Potion            |       |     2 |     3 |     4 ||     9
Armor: Animal skin       |    26 |       |       |       ||    26
       Leather armour    |     5 |    24 |       |       ||    29
       Plate armour      |       |    25 |   270 |   453 ||   748
Dodge: Dodged            |    66 |   100 |   252 |   376 ||   794
Block: Kite shield       |       |       |       |   169 ||   169

Table legend:
 A = Non-vault XP
 B = Vault XP
 C = Vault XP percentage of total XP
 D = Non-vault monster count
 E = Vault monster count
 F = Vault count percentage of total count
                 A         B        C        D         E       F
            +---------+---------+-------+---------+---------+-------
      Total |   17281 |    5005 |  22.5 |     264 |      55 |  17.2
            +---------+---------+-------+---------+---------+-------
        D:1 |      40 |       0 |   0.0 |      24 |       0 |   0.0
        D:2 |      52 |       0 |   0.0 |      22 |       0 |   0.0
        D:3 |     381 |      86 |  18.4 |      28 |      19 |  40.4
        D:4 |     168 |       0 |   0.0 |      20 |       0 |   0.0
        D:5 |     811 |       0 |   0.0 |      24 |       0 |   0.0
        D:6 |     554 |       0 |   0.0 |      19 |       0 |   0.0
        D:7 |     836 |     480 |  36.5 |      10 |       7 |  41.2
        D:8 |    1443 |       7 |   0.5 |      29 |       4 |  12.1
        D:9 |    3851 |    1642 |  29.9 |      44 |      10 |  18.5
     Lair:1 |    2192 |    1372 |  38.5 |      12 |       3 |  20.0
     Lair:2 |    3517 |     329 |   8.6 |      11 |       2 |  15.4
     Lair:3 |    1598 |       0 |   0.0 |      12 |       0 |   0.0
     Lair:4 |    1838 |    1089 |  37.2 |       9 |      10 |  52.6
            +---------+---------+-------+---------+---------+-------
